 Dungeon Crawl Stone Soup version 0.31-a0-182-gc5ef74bbde (webtiles) character file.

Game seed: 17986396956895816605

329 mopl the Trooper (level 6, -3/48 HPs)
             Began as a Demonspawn Fighter on June 20, 2023.
             Slain by a steam dragon (8 damage)
             ... on level 4 of the Dungeon.
             The game lasted 00:03:28 (1945 turns).

mopl the Trooper (Demonspawn Fighter)               Turns: 1945, Time: 00:03:28

Health: -3/48      AC:  8    Str: 18    XL:     6   Next: 25%
Magic:  6/6        EV: 10    Int:  9    God:
Gold:   136        SH:  0    Dex: 13    Spells: 2/5 levels left

rFire   . . .        b - +2 quarterstaff (spect)
rCold   . . .        (shield currently unavailable)
rNeg    . . .        s - +0 scale mail
rPois   +            m - +0 helmet
rElec   .            (no cloak)
rCorr   .            (no gloves)
SInv    .            (no boots)
Will    .....        (no amulet) Stlth
                     o - ring of poison resistance
HPRegen 0.28/turn    (no ring)
MPRegen 0.10/turn

%: no passive effects
@: no status effects
A: condensation shield, demonic magic 2, demonic touch 1
a: no special abilities


You were on level 4 of the Dungeon.
You visited 1 branch of the dungeon, and saw 4 of its levels.

You collected 136 gold pieces.

Inventory:

Hand Weapons
 a - a +0 war axe
 b - a +2 spectral quarterstaff (weapon)
Missiles
 r - 3 javelins
Armour
 c - a +0 buckler
 i - a scarf of harm
 m - a +0 helmet (worn)
 s - a +0 scale mail (worn)
Jewellery
 o - a ring of poison resistance (left hand)
 v - a ring of ice
Scrolls
 g - 3 scrolls of teleportation {unknown}
 j - a scroll of torment {unknown}
 k - 4 scrolls of identify {unknown}
 n - 2 scrolls of fog {unknown}
 p - a scroll of silence {unknown}
 q - a scroll of amnesia {unknown}
 w - a scroll of immolation {unknown}
 x - a scroll of blinking {unknown}
 y - a scroll of revelation {unknown}
Potions
 d - a potion of might
 e - 4 potions of heal wounds {unknown}
 f - a potion of degeneration {unknown}
 h - a potion of curing {unknown}
 l - 2 potions of cancellation {unknown}
 t - a potion of lignification {unknown}
 u - a potion of enlightenment {unknown}


   Skills:
 + Level 4.1 Fighting
 * Level 4.0 Axes
 + Level 3.7 Armour
 + Level 2.3 Dodging
 - Level 2.6 Shields
 + Level 0.0 Spellcasting
 + Level 0.0 Necromancy


You had 2 spell levels left.
You knew the following spells:

 Your Spells              Type           Power      Damage    Failure   Level
b - Vampiric Draining     Necr           0%         2d6       98%         3

Your spell library contained the following spells:

 Spells                   Type           Power      Damage    Failure   Level
 Necrotise                Necr           0%         1d4       77%         1
 Sublimation of Blood     Necr           0%         N/A       88%         2
 Petrify                  Tmut/Erth      0%         N/A       100%        4
 Agony                    Necr           0%         N/A       100%        5
 Irradiate                Conj/Tmut      0%         3d11      100%        5


Dungeon Overview and Level Annotations

Branches:
Dungeon (4/15)
 Temple: D:4-7

Altars:
Kikubaaqudgha
Trog

Shops:
D:4 *


Innate Abilities, Weirdness & Mutations

A meltable shield of frost defends you. (SH +0)
Spells you cast may paralyse nearby enemies.
Your touch may inflict minor irresistible damage on your foes.


Message History

The orc moves out of view.
You hit the orc but do no damage.
Your +2 spectral quarterstaff hits the orc!
You kill the orc!
The goblin barely misses your +2 spectral quarterstaff.
Your +2 spectral quarterstaff disappears.
The steam dragon breathes steam at you. The ball of steam hits you!
Your condensation shield dissipates!
Things that are here:
a +0 hand axe; a +0 scale mail You hit the steam dragon.
The steam dragon is lightly wounded.
Your +2 spectral quarterstaff hits the steam dragon but does no damage.
You are engulfed in a cloud of scalding steam.
The steam dragon completely misses you. The steam dragon barely misses you.
The goblin hits you but does no damage. The goblin barely misses you.
The steam dragon bites you. The steam dragon closely misses you.
You barely miss the steam dragon.
The steam dragon is lightly wounded.
Your +2 spectral quarterstaff hits the steam dragon.
You are engulfed in a cloud of scalding steam.
* * * LOW HITPOINT WARNING * * *
The steam dragon bites you but does no damage.
The steam dragon claws you but does no damage.
The goblin misses you.
You barely miss the steam dragon.
The steam dragon is moderately wounded.
Your +2 spectral quarterstaff barely misses the steam dragon.
You are engulfed in a cloud of scalding steam.
The steam dragon barely misses you. The steam dragon claws you.
* * * LOW HITPOINT WARNING * * *
The goblin barely misses you.
You barely miss the steam dragon.
The steam dragon is moderately wounded.
Your +2 spectral quarterstaff hits the steam dragon!
The goblin hits you with a +0 club.
* * * LOW HITPOINT WARNING * * *
The steam dragon bites you!
You die...

##(...∩.................
#...........#.......##
..#.≈...≈.###.......#
..........#...#.....#
.####........##.##.## .
##...........####.##....
.#........................
.#..#....#.......##.......
...<#....##.###g@# ......#
#..##...## #...D(...##....
#####...# #.........# ....
#..##............# ...
#### ##..........# #.
#.#..........
#####..##..... #### .....


You could see a steam dragon, a goblin and a friendly +2 spectral quarterstaff.

Vanquished Creatures
  Sigmund (D:2)
  Terence (D:2)
  Robin (D:2)
  3 gnolls (D:3)
  3 adders
  A shadow imp (D:3)
  2 worms (D:2)
  2 dart slugs
  2 orcs
  5 bats
  3 endoplasms
  A giant cockroach (D:3)
  17 goblins
  12 hobgoblins
  3 kobolds
  A quokka (D:2)
  A ball python (D:1)
  2 frilled lizards
  5 rats
66 creatures vanquished.

Notes
Turn   | Place    | Note
-------+----------+-------------------------------------------
     0 | D:1      | mopl the Demonspawn Fighter began the quest for the Orb.
     0 | D:1      | Reached XP level 1. HP: 18/18 MP: 1/1
   218 | D:1      | Reached skill level 2 in Axes
   224 | D:1      | Gained mutation: A meltable shield of frost defends you.
                  | (SH +0) [demonic ancestry]
   224 | D:1      | Reached XP level 2. HP: 21/24 MP: 2/2
   637 | D:2      | Noticed Robin
   643 | D:2      | Gained mutation: Your touch may inflict minor irresistible
                  | damage on your foes. [demonic ancestry]
   643 | D:2      | Reached XP level 3. HP: 29/29 MP: 3/3
   647 | D:2      | Killed Robin
   648 | D:2      | Reached skill level 3 in Armour
   648 | D:2      | Reached skill level 1 in Dodging
   808 | D:2      | Found an ancient bone altar of Kikubaaqudgha.
  1096 | D:2      | Noticed Terence
  1101 | D:2      | Killed Terence
  1102 | D:2      | Reached skill level 3 in Axes
  1102 | D:2      | Gained mutation: Spells you cast may paralyse adjacent
                  | enemies. [demonic ancestry]
  1102 | D:2      | Reached XP level 4. HP: 35/35 MP: 4/4
  1108 | D:2      | Noticed Sigmund
  1121 | D:2      | Killed Sigmund
  1122 | D:2      | Reached skill level 2 in Dodging
  1122 | D:2      | Reached XP level 5. HP: 34/42 MP: 5/5
  1597 | D:3      | Reached skill level 4 in Fighting
  1597 | D:3      | Gained mutation: Spells you cast may paralyse nearby
                  | enemies. [demonic ancestry]
  1597 | D:3      | Reached XP level 6. HP: 48/48 MP: 6/6
  1603 | D:3      | Reached skill level 4 in Axes
  1771 | D:3      | Found a bloodstained altar of Trog.
  1890 | D:3      | Learned a level 3 spell: Vampiric Draining
  1908 | D:4      | Found Sauvoiluw's Elemental Accessories.
  1937 | D:4      | Noticed a steam dragon
  1945 | D:4      | Slain by a steam dragon

Illustrated notes

Levels and vault maps discovered:
D:1:      onia_arrival_mini_maze_b, layout_rooms
D:2:      cheibrodos_greedy_goblins, layout_basic, basic_altar, uniq_robin,
          uniq_terence, uniq_sigmund
D:3:      layout_basic, mainiacjoe_overflow_alcove_1
D:4:      layout_cave_pools, kennysheep_mini, nicolae_elemental_shop

Skill      XL: |  1  2  3  4  5  6 |
---------------+-------------------+-----
Axes           | 2 3 4 |  4.0
Armour         | 3 |  3.7
Dodging        | 1 2 |  2.3
Fighting       | 4 |  4.1
Shields        | |  2.6

Action                     |  1- 3 |  4- 6 || total
---------------------------+-------+-------++-------
  Melee: War axe           |    72 |    35 ||   107
         Quarterstaff      |       |    42 ||    42
   Stab: Distracted        |       |     1 ||     1
 Armour: Scale mail        |    25 |    49 ||    74
  Dodge: Dodged            |    25 |    42 ||    67
  Block: Buckler           |    33 |     9 ||    42
         Other             |       |     6 ||     6

Table legend: (Time is in decaauts)
 A = Elapsed time spent in this place.
 B = Non-inter-level travel time spent in this place.
 C = Inter-level travel time spent in this place.
 D = Time resting spent in this place.
 E = Time spent auto-exploring this place.
 F = Levels seen in this place.
 G = Mean time per level.
                   A        B        C        D        E       F      G
               +--------+--------+--------+--------+--------+-----+--------+
         Total |   1999 |   1884 |    115 |     43 |   1417 |   4 |  499.8 |
       Dungeon |   1999 |   1884 |    115 |     43 |   1417 |   4 |  499.8 |
               +--------+--------+--------+--------+--------+-----+--------+

Top non-repeatable levels by time:
     D:2: 1148 daAuts
     D:1: 428 daAuts
     D:3: 379 daAuts
     D:4: 42 daAuts
